 Dungeon Crawl Stone Soup version 0.27-a0-1595-g0b823d0a13 (webtiles) character file.

Game seed: 11625512110056446536

60272 Spaninq the Brawler (level 14, -6/144 HPs)
             Began as a Troll Chaos Knight on July 20, 2021.
             Was a Plaything of Xom.
             Mangled by a seven-headed hydra (8 damage)
             ... on level 6 of the Lair of Beasts.
             The game lasted 01:01:31 (18786 turns).

Spaninq the Brawler (Troll Chaos Knight)           Turns: 18786, Time: 01:01:33

Health: -6/144     AC: 10    Str: 24    XL:     14   Next: 56%
Magic:  0/13       EV:  9    Int:  8    God:    Xom [..*...]
Gold:   2871       SH: 16    Dex: 10    Spells: 13/13 levels left

rFire    + . .     SeeInvis .     - Unarmed
rCold    + . .     Faith    .   F - +1 kite shield
rNeg     . . .     Spirit   +   v - +0 ice dragon scales
rPois    +         Reflect  .   (helmet restricted)
rElec    .         Harm     .   n - scarf {repulsion}
rCorr    .         Rampage  .   (gloves unavailable)
Will     ++...                  (boots unavailable)
Stlth    ..........             i - amulet of guardian spirit
HPRegen  1.34/turn              w - ring of willpower
MPRegen  0.13/turn              Q - ring of fire

@: very slightly contaminated, invisible, repel missiles
A: large, unfitting armour, claws 3, regeneration 1, shaggy fur 1, tough skin 1,
talons 2, iridescent scales 1, large bone plates 1, deformed body, deterioration
1, fire resistance 1, poison resistance, weak 1, MP-powered wands
a: Renounce Religion


You were on level 6 of the Lair of Beasts.
You worshipped Xom.
You were a toy of Xom.
You visited 5 branches of the dungeon, and saw 23 of its levels.
You also visited: Ice Cave.

You collected 3209 gold pieces.
You spent 338 gold pieces at shops.

Inventory:

Hand Weapons
 A - a +1 hand axe of flaming
Missiles
 b - 52 boomerangs (quivered)
 f - 58 poisoned darts
 r - 4 large rocks
 s - 3 curare-tipped darts
 x - 5 atropa-tipped darts
 H - a throwing net
 J - 4 silver boomerangs
Armour
 n - a scarf of repulsion (worn)
 v - +0 ice dragon scales (worn)
 F - a +1 kite shield (worn)
Jewellery
 c - a ring of flight
 e - a ring of poison resistance
 i - an amulet of guardian spirit (around neck)
 k - a ring of willpower
 w - a ring of willpower (left claw)
 y - a ring of positive energy
 E - the amulet of the Air {Inacc Air Fly rElec RMsl}
   (You found it in an ice cave)

   [amulet of nothing]

   It reduces the accuracy of all your attacks.
   It enhances your air magic.
   rElec:     It insulates you from electricity.
   Fly:       It grants you flight.
   RMsl:      It protects you from missiles.
 L - a ring of protection from cold
 P - a ring of positive energy
 Q - a ring of fire (right claw)
 T - a ring of see invisible
Wands
 B - a wand of iceblast (41)
 D - a wand of charming (5)
 G - a wand of flame (31)
 K - a wand of paralysis (7)
 N - a wand of digging (6)
 S - a wand of polymorph (18)
Scrolls
 g - 5 scrolls of enchant weapon
 j - a scroll of enchant armour
 m - a scroll of summoning
 u - 2 scrolls of fog
 z - 2 scrolls of teleportation
 I - a scroll of silence
 O - a scroll of fear
Potions
 a - a potion of invisibility
 d - 2 potions of cancellation
 l - 7 potions of flight
 o - 7 potions of curing
 p - 2 potions of mutation
 q - 4 potions of might
 t - a potion of ambrosia
 C - 3 potions of brilliance
 M - 4 potions of haste


   Skills:
 + Level 10.6 Fighting
 + Level 5.6 Armour
 + Level 6.1 Dodging
 + Level 10.1 Shields
 * Level 16.6 Unarmed Combat


You had 13 spell levels left.
You didn't know any spells.
Your spell library contained the following spells:

 Spells                   Type           Power      Damage    Failure   Level
 Animate Skeleton         Necr           0%         N/A       75%         1
 Apportation              Tloc           0%         N/A       75%         1
 Beastly Appendage        Tmut           0%         N/A       75%         1
 Corona                   Hex            0%         N/A       75%         1
 Pain                     Necr           0%         1d4       75%         1
 Shock                    Conj/Air       0%         1d3       75%         1
 Summon Small Mammal      Summ           0%         N/A       75%         1
 Blink                    Tloc           N/A        N/A       87%         2
 Ensorcelled Hibernation  Hex/Ice        0%         N/A       87%         2
 Slow                     Hex            0%         N/A       87%         2
 Static Discharge         Conj/Air       0%         N/A       87%         2
 Wereblood                Tmut           0%         N/A       87%         2
 Confusing Touch          Hex            0%         N/A       98%         3
 Frozen Ramparts          Ice            0%         1d2       98%         3
 Lesser Beckoning         Tloc           0%         N/A       98%         3
 Spider Form              Tmut/Pois      0%         N/A       98%         3
 Summon Guardian Golem    Hex/Summ       0%         N/A       98%         3
 Tukima's Dance           Hex            0%         N/A       98%         3
 Vampiric Draining        Necr           0%         2d6       98%         3
 Cause Fear               Hex            0%         N/A       100%        4
 Dispel Undead            Necr           0%         3d6       100%        4
 Ice Form                 Ice/Tmut       0%         N/A       100%        4
 Passage of Golubria      Tloc           N/A        N/A       100%        4
 Sticky Flame             Conj/Fire      0%         2d3       100%        4
 Summon Ice Beast         Ice/Summ       0%         N/A       100%        4
 Freezing Cloud           Conj/Ice/Air   0%         6-21      100%        5
 Manifold Assault         Tloc           0%         N/A       100%        5
 Yara's Violent Unravell  Hex/Tmut       0%         3d3       100%        5
 Conjure Ball Lightning   Conj/Air       0%         3x3d6     100%        6
 Iron Shot                Conj/Erth      0%         9d1       100%        6
 Shadow Creatures         Summ           N/A        N/A       100%        6
 Simulacrum               Ice/Necr       0%         N/A       100%        6
 Dragon Form              Tmut           0%         N/A       100%        7
 Orb of Destruction       Conj           0%         N/A       100%        7
 Spellforged Servitor     Conj/Summ      0%         N/A       100%        7
 Borgnjor's Revivificati  Necr           0%         N/A       100%        8
 Necromutation            Tmut/Necr      0%         N/A       100%        8
 Death's Door             Necr           0%         N/A       100%        9
 Dragon's Call            Summ           0%         N/A       100%        9
 Polar Vortex             Ice            0%         N/A       100%        9


Dungeon Overview and Level Annotations

Branches:
Dungeon (13/15)            Temple (1/1) D:6            Lair (6/6) D:11
  Swamp (0/4) Lair:2       Spider (1/4) Lair:3          Orc (2/2) D:11
    Elf (0/3) Orc:2        Vaults (0/5) D:13          IceCv (visited)
  Slime: Lair:5-6

Altars:
Ashenzari
Cheibriados
Dithmenos
Elyvilon
Fedhas
Gozag
Hepliaklqana
Kikubaaqudgha
Makhleb
Nemelex Xobeh
Okawaru
Qazlal
Ru
Sif Muna
Trog
Uskayaw
Vehumet
Wu Jian
Xom
Yredelemnul
Zin
The Shining One
Beogh

Shops:
D:9 [   Orc:2 !(*?(

Annotations:
D:4 2 runed translucent doors
D:12 exclusion: orange crystal statue


Innate Abilities, Weirdness & Mutations

You are too large for most types of armour.
You have claws for hands.
Your natural rate of healing is unusually fast.
You are covered in fur. (AC +1)
You have tough skin. (AC +1)
You have razor-sharp toenails.
You are partially covered in iridescent scales. (AC +2)
You are partially covered in large bone plates. (SH +4)
Armour fits poorly on your strangely shaped body.
Your body sometimes deteriorates upon taking damage.
Your flesh is heat resistant. (rF+)
Your system is resistant to poisons. (rPois)
You are weak. (Str -2)
You expend magic power (3 MP) to strengthen your wands.


Message History

The seven-headed hydra barely misses you.
The seven-headed hydra closely misses you.
The wolf bites you.
* * * LOW HITPOINT WARNING * * *
Okay, then.
Aiming: Paralyse
Press: ? - help, Shift-Dir - straight line, f - seven-headed hydra
Aim: a seven-headed hydra (lightly wounded, chance to affect: 17%)
The seven-headed hydra resists with almost no effort.
The wolf seems less confused.
The wolf bites you!
* * * LOW HITPOINT WARNING * * *
You block the wolf's attack. The seven-headed hydra bites you.
* * * LOW HITPOINT WARNING * * *
You block the seven-headed hydra's attack.
The seven-headed hydra bites you!
* * * LOW HITPOINT WARNING * * *
The seven-headed hydra barely misses you.
The seven-headed hydra bites you but does no damage.
The seven-headed hydra barely misses you.
The seven-headed hydra closely misses you.
The wolf barely misses you. The wolf bites you.
* * * LOW HITPOINT WARNING * * *
You fade into invisibility!
The wolf barely misses you. The wolf bites you.
* * * LOW HITPOINT WARNING * * *
The seven-headed hydra closely misses you.
You block the seven-headed hydra's attack. x3
The seven-headed hydra barely misses you.
The seven-headed hydra bites you!
* * * LOW HITPOINT WARNING * * *
You block the seven-headed hydra's attack.
The wolf bites you but does no damage.
You are very lightly contaminated with residual magic.
You closely miss the wolf. Your kick misses the wolf.
The wolf is moderately wounded.
You block the wolf's attack. x2
The seven-headed hydra barely misses you.
The seven-headed hydra bites you!
You die...
Xom titters!

.....♣[.# ./hh...
##hhh.# #hD..#
#.†## #####..###
###
.#......#.#####.##
.........†.....Dh#
.....<....h....#@#
......^.......hh##
.♣.......♣♣.....#
♣♣....♣♣♣♣♣♣...♣
♣♣♣♣♣♣ ♣♣...♣
♣♣♣♣♣


You could see a seven-headed hydra and 3 wolves.

Vanquished Creatures
  Nessos (Orc:2)
  A white draconian (IceCv)
  An ettin (Orc:1)
  11 hydras
  2 ice dragons
  A great orb of eyes (Lair:2)
  4 boulder beetles
  Harold (D:9)
  3 centaur warriors (D:13)
  2 dancing weapons (D:13)
  3 two-headed ogres
  3 orc high priests (Orc:2)
  Nergalle (Orc:1)
  A lindwurm (Lair:3)
  Pikel (D:8)
  6 orc knights
  A deep elf pyromancer (D:13)
  3 orc sorcerers
  2 cyclopes
  4 black mambas
  A smoke demon (D:11)
  2 ice statues (IceCv)
  A torpor snail (Lair:4)
  A gargoyle (D:12)
  5 komodo dragons
  5 cane toads
  8 rime drakes
  Psyche (D:8)
  A kobold demonologist (D:12)
  3 yaktaurs (D:13)
  8 trolls
  2 hornets
  6 polar bears
  9 blink frogs
  Prince Ribbit (D:9)
  3 dream sheep (Lair:2)
  A vampire (D:13)
  A wraith (D:10)
  23 yaks
  2 tarantellas
  A shadow (D:10)
  2 wyverns
  2 basilisks (Lair:2)
  9 vampire mosquitoes
  2 steam dragons
  A warg (Orc:2)
  7 water moccasins
  A black bear (D:6)
  29 orc warriors
  6 ogres
  A necrophage (D:5)
  17 wolves
  14 centaurs
  2 phantoms (D:5)
  A lemure (D:8)
  A kobold brigand (D:8)
  A gnoll sergeant (D:9)
  13 bullfrogs
  A wyvern zombie (D:8)
  8 scorpions
  A water moccasin skeleton (D:4)
  An electric eel (Lair:2)
  8 komodo dragon simulacra (IceCv)
  4 centaur zombies
  A bullfrog zombie (D:6)
  A hound (D:5)
  A gnoll shaman (D:6)
  21 orc priests
  2 centaur skeletons
  A jelly (D:6)
  3 iguanas
  Natasha (thrice) (D:2)
  20 orc wizards
  A hound skeleton (D:4)
  A hound zombie (D:5)
  2 howler monkey zombies
  7 gnolls
  5 acid dragon simulacra (IceCv)
  10 adders
  2 shadow imps
  4 white imps
  8 steam dragon simulacra (IceCv)
  3 worms
  6 dart slugs
  82 orcs
  5 endoplasms
  A giant cockroach (Lair:3)
  6 hobgoblins
  4 jackals (D:5)
  8 kobolds
  6 quokkas
  9 ball pythons
  5 bats
  4 frilled lizards
  8 goblins
  3 rats
512 creatures vanquished.

Vanquished Creatures (collateral kills)
  Maggie (D:8)
  A queen bee (shapeshifter) (D:13)
  A wraith (D:9)
  2 orc warriors (Orc:1)
  An orc priest (Orc:1)
6 creatures vanquished.

Vanquished Creatures (others)
  An orc warrior (Orc:2)
  An orc wizard (Orc:2)
  An orc (D:11)
  7 fungi
  14 plants
24 creatures vanquished.

Grand Total: 542 creatures vanquished

Notes
Turn   | Place    | Note
-------+----------+-------------------------------------------
     0 | D:1      | Spaninq the Troll Chaos Knight began the quest for the Orb.
     0 | D:1      | Reached XP level 1. HP: 22/22 MP: 0/0
    27 | D:1      | XOM: silly message
    83 | D:1      | Reached XP level 2. HP: 29/29 MP: 1/1
    97 | D:1      | You fall into a shaft and drop 1 floor!
   126 | D:2      | XOM: potion effect (berserk rage)
   321 | D:1      | XOM: silly message
   332 | D:1      | Reached XP level 3. HP: 36/36 MP: 2/2
   679 | D:1      | Reached skill level 4 in Unarmed Combat
   682 | D:1      | XOM: smoke on damage
   851 | D:2      | Found Rakit's General Store.
   969 | D:2      | Noticed Natasha
   978 | D:2      | Killed Natasha
   979 | D:2      | Reached XP level 4. HP: 45/45 MP: 3/3
  1055 | D:2      | Found a faded altar of an unknown god.
  1155 | D:2      | Noticed Natasha
  1160 | D:2      | Killed Natasha
  1227 | D:2      | Noticed Natasha
  1233 | D:2      | Killed Natasha
  1261 | D:3      | Reached skill level 5 in Unarmed Combat
  1263 | D:3      | XOM: potion effect (haste)
  1277 | D:3      | Reached XP level 5. HP: 9/53 MP: 0/4
  1438 | D:3      | XOM: noise
  1827 | D:3      | XOM is BORED!
  2018 | D:4      | Found a shimmering altar of Xom.
  2027 | D:4      | Found a sparkling altar of Nemelex Xobeh.
  2031 | D:4      | Found an opulent altar of Gozag.
  2233 | D:5      | Entered Level 5 of the Dungeon
  2285 | D:4      | Noticed a two-headed ogre
  2286 | D:4      | Found a large runed translucent door.
  2287 | D:4      | Found a large runed translucent door.
  2295 | D:4      | Found a large runed translucent door.
  2389 | D:4      | XOM: silly message
  2431 | D:4      | XOM: divination: detect items
  2447 | D:4      | XOM: divination: magic mapping
  2497 | D:4      | Found a large runed translucent door.
  2532 | D:4      | Reached XP level 6. HP: 62/62 MP: 5/5
  2538 | D:4      | Reached skill level 6 in Unarmed Combat
  2642 | D:4      | XOM: potion effect (invisibility)
  2663 | D:4      | Noticed a steam dragon
  2667 | D:4      | Killed a steam dragon
  2668 | D:4      | Reached XP level 7. HP: 70/70 MP: 6/6
  2764 | D:4      | XOM: potion effect (brilliance)
  2768 | D:4      | XOM: silly message
  2770 | D:4      | XOM: potion effect (heal wounds)
  2778 | D:4      | Killed a two-headed ogre
  2779 | D:4      | Reached skill level 5 in Fighting
  2779 | D:4      | Reached skill level 8 in Unarmed Combat
  2779 | D:4      | Reached XP level 8. HP: 60/80 MP: 4/7
  3098 | D:5      | Found a basalt altar of Yredelemnul.
  3118 | D:5      | XOM: silly message
  3131 | D:5      | Reached skill level 9 in Unarmed Combat
  3417 | D:5      | XOM: 1-stop teleportation journey
  3675 | D:5      | XOM: give mutations
  3675 | D:5      | Gained mutation: You are frail. (-10% HP) [Xom's mischief]
  3675 | D:5      | Gained mutation: You are clumsy. (Dex -2) [Xom's mischief]
  3675 | D:5      | Gained mutation: You are very clumsy. (Dex -4) [Xom's
                  | mischief]
  3724 | D:5      | XOM is BORED!
  3842 | D:6      | XOM: cleaving
  3946 | D:6      | XOM: give mutations
  3946 | D:6      | Gained mutation: Your muscles are strong. (Str +2) [Xom's
                  | grace]
  3946 | D:6      | Gained mutation: You are partially covered in iridescent
                  | scales. (AC +2) [Xom's grace]
  3946 | D:6      | Gained mutation: Your system is resistant to poisons.
                  | (rPois) [Xom's grace]
  3946 | D:6      | Gained mutation: Your flesh is heat resistant. (rF+) [Xom's
                  | grace]
  3962 | D:6      | Reached skill level 10 in Unarmed Combat
  3985 | D:5      | XOM: god gift: hunting sling {god gift}
  4056 | D:6      | XOM: divination: detect items
  4060 | D:6      | XOM: enchant monster (good)
  4062 | D:6      | Reached XP level 9. HP: 80/80 MP: 8/8
  4213 | D:6      | XOM: god gift: 17 gold pieces
  4396 | D:6      | XOM: divination: detect creatures
  4414 | D:6      | Found a staircase to the Ecumenical Temple.
  4422 | Temple   | Entered the Ecumenical Temple
  4505 | Temple   | XOM: god gift: great sword {god gift}
  4589 | D:6      | XOM: scenery: summon butterflies
  4882 | D:7      | Got the Almanac of Confrontation
  4907 | D:7      | XOM: 1-stop teleportation journey
  5091 | D:7      | Reached skill level 1 in Armour
  5099 | D:7      | XOM: god gift: 20 stones
  5330 | D:8      | XOM: summons 4 friendly demons
  5334 | D:8      | XOM: divination: detect creatures
  5449 | D:8      | XOM: give mutations
  5449 | D:8      | Gained mutation: You have sharp toenails. [Xom's grace]
  5449 | D:8      | Gained mutation: Your flesh is cold resistant. (rC+) [Xom's
                  | grace]
  5513 | D:8      | Reached skill level 11 in Unarmed Combat
  5519 | D:8      | XOM: god gift: scroll labelled ASAMECZOIME {god gift}
  5630 | D:8      | Noticed Pikel
  5633 | D:8      | Noticed Psyche
  5634 | D:8      | XOM: enchant monster (good)
  5635 | D:8      | XOM: potion effect (might)
  5640 | D:8      | Killed Pikel
  5651 | D:8      | Killed Psyche
  5652 | D:8      | Reached XP level 10. HP: 89/91 MP: 7/9
  5884 | D:8      | Found a shimmering blue altar of Sif Muna.
  5895 | D:8      | Noticed Maggie
  5906 | D:8      | Killed Maggie
  5927 | D:8      | XOM: 1-stop teleportation journey
  5954 | D:8      | XOM: summons 2 hostile demons
  6270 | D:8      | XOM: give mutations
  6270 | D:8      | Lost mutation: Your flesh is cold resistant. (rC+) [Xom's
                  | mischief]
  6270 | D:8      | Lost mutation: You are very clumsy. (Dex -4) [Xom's
                  | mischief]
  6270 | D:8      | Lost mutation: Your muscles are strong. (Str +2) [Xom's
                  | mischief]
  6270 | D:8      | Gained mutation: You expend magic power (3 MP) to
                  | strengthen your wands. [Xom's mischief]
  6293 | D:8      | XOM: give mutations
  6293 | D:8      | Lost mutation: Your flesh is heat resistant. (rF+) [Xom's
                  | mischief]
  6293 | D:8      | Gained mutation: Your body sometimes deteriorates upon
                  | taking damage. [Xom's mischief]
  6293 | D:8      | Gained mutation: You are dopey. (Int -2) [Xom's mischief]
  6293 | D:8      | Lost mutation: You are frail. (-10% HP) [Xom's mischief]
  6460 | D:9      | Identified the +1 hand axe "Killer Bee's Peril" {drain,
                  | +Blink rElec Dex-3 SInv}
  6498 | D:9      | XOM: noise
  6499 | D:9      | XOM: swap monsters
  6533 | D:9      | Noticed Prince Ribbit
  6545 | D:9      | XOM: stat loss: -1 Dex (7/8)
  6546 | D:9      | Found Hosafofi's Antique Armour Shop.
  6564 | D:9      | Killed Prince Ribbit
  6712 | D:9      | Reached skill level 1 in Shields
  6713 | D:9      | Reached skill level 12 in Unarmed Combat
  6758 | D:9      | XOM: summons 3 friendly demons
  6806 | D:9      | Noticed Harold
  6809 | D:9      | XOM: enchant monster (good)
  6819 | D:9      | XOM: blink monster(s)
  6826 | D:9      | Killed Harold
  6952 | D:10     | Entered Level 10 of the Dungeon
  6973 | D:10     | XOM: confusion (+ monsters)
  7254 | D:10     | XOM: give mutations
  7254 | D:10     | Gained mutation: You are weak. (Str -2) [Xom's mischief]
  7254 | D:10     | Gained mutation: Your flesh is heat resistant. (rF+) [Xom's
                  | mischief]
  7254 | D:10     | Lost mutation: You are clumsy. (Dex -2) [Xom's mischief]
  7293 | D:10     | Found a hazy altar of Hepliaklqana.
  7300 | D:10     | XOM: 1-stop teleportation journey
  7710 | D:11     | Noticed a boulder beetle
  7718 | D:11     | Killed a boulder beetle
  7719 | D:11     | Reached XP level 11. HP: 101/111 MP: 8/10
  7760 | D:11     | XOM: polymorph yak -> hornet
  7844 | D:11     | Identified the ring of Pessimism {MP+9 Str+6} (Xom gifted
                  | it to you on level 11 of the Dungeon)
  7844 | D:11     | XOM: god gift: ring of Pessimism {MP+9 Str+6}
  7913 | D:11     | Found a staircase to the Lair.
  7927 | D:11     | Found a staircase to the Orcish Mines.
  7927 | D:11     | XOM: 3-stop teleportation journey
  8075 | D:11     | XOM: summons friendly white imp
  8084 | D:11     | XOM: divination: detect creatures
  8089 | D:11     | XOM: polymorph efreet -> smoke demon
  8114 | D:11     | XOM: silly message
  8141 | D:11     | XOM: divination: magic mapping
  8142 | D:11     | Reached skill level 13 in Unarmed Combat
  8597 | D:12     | Noticed an orange crystal statue
  8783 | D:12     | Noticed a boulder beetle
  8786 | D:12     | XOM: potion effect (brilliance)
  8794 | D:12     | Killed a boulder beetle
  8795 | D:12     | Reached skill level 5 in Shields
  8852 | D:12     | Noticed a five-headed hydra
  8854 | D:12     | XOM: confuse monster(s)
  8857 | D:12     | Noticed a two-headed ogre
  8866 | D:12     | XOM: cast spell 'Disjunction'
  8874 | D:12     | XOM: summons 4 friendly demons
  8880 | D:12     | Killed a two-headed hydra
  8975 | D:12     | XOM: cleaving
  9064 | D:12     | Killed a two-headed ogre
  9100 | D:12     | XOM: divination: detect creatures
  9366 | D:12     | XOM: cloud trail
  9475 | D:13     | Noticed a centaur warrior
  9489 | D:13     | Killed a centaur warrior
  9494 | D:13     | XOM: confusion
  9505 | D:13     | Noticed an eight-headed hydra
  9542 | D:12     | XOM: enchant monster (good)
  9575 | D:12     | XOM: enchant monster (good)
  9581 | D:12     | XOM: summons friendly quasit
  9582 | D:12     | XOM: fake destruction
  9583 | D:12     | XOM: fake destruction
  9589 | D:12     | Killed a one-headed hydra
  9590 | D:12     | Reached XP level 12. HP: 58/122 MP: 4/11
  9722 | D:13     | XOM: cast spell 'Summon Ice Beast'
  9750 | D:13     | Reached skill level 14 in Unarmed Combat
  9837 | D:13     | Found a gate to the Vaults.
  9852 | D:13     | XOM: give mutations
  9852 | D:13     | Lost mutation: You are dopey. (Int -2) [Xom's grace]
  9852 | D:13     | Gained mutation: You have a pair of small horns on your
                  | head. [Xom's grace]
  9852 | D:13     | Gained mutation: You are partially covered in large bone
                  | plates. (SH +4) [Xom's grace]
  9852 | D:13     | Gained mutation: You have razor-sharp toenails. [Xom's
                  | grace]
 10066 | D:13     | XOM is BORED!
 10066 | D:13     | XOM: stat loss: -2 Dex (5/10)
 10088 | D:13     | Noticed a centaur warrior
 10097 | D:13     | Killed a centaur warrior
 10108 | D:13     | XOM: give mutations
 10108 | D:13     | Lost mutation: You have a pair of small horns on your head.
                  | [Xom's mischief]
 10108 | D:13     | Gained mutation: Armour fits poorly on your strangely
                  | shaped body. [Xom's mischief]
 10123 | D:13     | Noticed a boulder beetle
 10189 | D:13     | Noticed a centaur warrior
 10205 | D:13     | Killed a centaur warrior
 10272 | D:13     | Noticed a four-headed hydra
 10314 | D:13     | Killed a one-headed hydra
 10336 | D:13     | XOM: god gift: brown potion {god gift}
 10404 | D:13     | XOM: summons 3 hostile shadow creatures
 10405 | D:13     | Noticed a centaur warrior
 10504 | D:13     | XOM: stat loss: -1 Str (23/24)
 10508 | D:13     | Killed a boulder beetle
 10595 | D:13     | Noticed a two-headed ogre
 10603 | D:13     | Killed a two-headed ogre
 10694 | D:13     | XOM: god gift: scroll of enchant weapon
 10729 | Lair:1   | Entered Level 1 of the Lair of Beasts
 10759 | Lair:1   | XOM: god gift: 52 gold pieces
 10993 | Lair:1   | XOM: scenery: create altars
 10997 | Lair:1   | XOM: enchant monster (good)
 11010 | Lair:1   | XOM: noise
 11074 | Lair:1   | Identified the +3 buckler "Giuxaeg" {Fly rN+ Str-3}
 11556 | Lair:2   | XOM: stealth player
 11603 | Lair:2   | XOM: noise
 11649 | Lair:2   | Noticed a seven-headed hydra
 11654 | Lair:2   | Noticed a great orb of eyes
 11654 | Lair:2   | a six-headed hydra changed into a great orb of eyes
 11654 | Lair:2   | XOM: polymorph six-headed hydra -> great orb of eyes
 11661 | Lair:2   | Killed a great orb of eyes
 11663 | Lair:2   | Reached XP level 13. HP: 131/131 MP: 5/12
 11735 | Lair:2   | Reached skill level 15 in Unarmed Combat
 11753 | Lair:2   | Found a staircase to the Swamp.
 11828 | Lair:2   | XOM: noise
 12097 | Lair:2   | XOM: polymorph dream sheep -> tarantella
 12219 | Lair:3   | XOM: cast spell 'Cause Fear'
 12247 | Lair:3   | XOM: summons 2 friendly demons
 12378 | Lair:3   | XOM: enchant monster (good)
 12692 | Lair:3   | XOM: confuse monster(s)
 12779 | Lair:3   | XOM: summons friendly quasit
 12888 | Lair:3   | XOM: divination: magic mapping
 12901 | Lair:3   | Reached skill level 10 in Fighting
 13051 | Lair:3   | XOM: noise
 13070 | Lair:3   | Found a hole to the Spider Nest.
 13262 | Spider:1 | Entered Level 1 of the Spider Nest
 13500 | Lair:4   | XOM: 8-stop teleportation journey
 13512 | Lair:4   | XOM is BORED!
 13512 | Lair:4   | XOM: noise
 13723 | Lair:4   | XOM: 1-stop teleportation journey
 14245 | Lair:5   | XOM: divination: detect creatures
 14248 | Lair:5   | Reached skill level 5 in Dodging
 14439 | Lair:5   | XOM is BORED!
 14439 | Lair:5   | XOM: summons 7 hostile demons
 15041 | Lair:6   | Entered Level 6 of the Lair of Beasts
 15042 | Lair:6   | XOM: silly message
 15159 | Orc:1    | Entered Level 1 of the Orcish Mines
 15176 | Orc:1    | XOM: divination: magic mapping
 15227 | Orc:2    | Entered Level 2 of the Orcish Mines
 15267 | Orc:2    | XOM: divine lightning
 15276 | Orc:2    | XOM: divination: magic mapping
 15280 | Orc:2    | Reached skill level 16 in Unarmed Combat
 15285 | Orc:2    | Found Vekiemi's Antique Weapon Emporium.
 15364 | Orc:2    | Reached XP level 14. HP: 108/143 MP: 8/13
 15381 | Orc:1    | Found a frozen archway.
 15382 | Orc:1    | XOM: divination: detect creatures
 15383 | Orc:1    | XOM: potion effect (might)
 15395 | Orc:1    | XOM: cast spell 'Summon Small Mammal'
 15398 | Orc:1    | XOM: confuse monster(s)
 15416 | IceCv    | Entered an ice cave
 15431 | IceCv    | XOM: cloud trail
 15456 | IceCv    | XOM: confuse monster(s)
 15561 | IceCv    | XOM: confusion (+ monsters)
 15641 | IceCv    | XOM: confuse monster(s)
 15647 | IceCv    | Reached skill level 5 in Armour
 15660 | IceCv    | Found the amulet of the Air {Inacc Air Fly rElec RMsl}
 15879 | Orc:1    | XOM: summons friendly ufetubus
 15884 | Orc:1    | XOM: blink monster(s)
 15889 | Orc:1    | Noticed Nergalle
 16000 | Orc:1    | XOM: 2-stop teleportation journey
 16294 | Orc:2    | Found a shimmering blue altar of Sif Muna.
 16394 | Orc:2    | XOM: summons 8 hostile demons
 16579 | Orc:1    | XOM: summons 14 friendly demons
 16602 | Orc:1    | Killed Nergalle
 17102 | Orc:2    | Noticed Nessos
 17139 | Orc:2    | XOM: silly message
 17140 | Orc:2    | XOM: divination: magic mapping
 17151 | Orc:2    | XOM: silly message
 17152 | Orc:2    | XOM: potion effect (heal wounds)
 17161 | Orc:1    | HP: 5/138 [poisoned by Nessos]
 17426 | Orc:2    | Killed Nessos
 17473 | Orc:2    | Found a staircase to the Elven Halls.
 17673 | Orc:2    | Reached skill level 10 in Shields
 17860 | Orc:2    | XOM: cast spell 'Summon Mana Viper'
 18054 | Orc:1    | XOM: god gift: 20 gold pieces
 18252 | Orc:2    | Found Enun's Assorted Antiques.
 18252 | Orc:2    | Found Ofausket's Magic Scroll Boutique.
 18254 | Orc:2    | Found Rotia's Distillery.
 18254 | Orc:2    | Found Zygi's Weapon Boutique.
 18268 | Orc:2    | Bought a potion of curing for 39 gold pieces
 18268 | Orc:2    | Bought a potion of curing for 39 gold pieces
 18268 | Orc:2    | Bought a potion of heal wounds for 65 gold pieces
 18268 | Orc:2    | Bought a potion of haste for 130 gold pieces
 18268 | Orc:2    | Bought a potion of heal wounds for 65 gold pieces
 18361 | Orc:2    | XOM: god gift: glowing ring mail {god gift}
 18558 | Orc:2    | XOM is BORED!
 18608 | Orc:2    | Got Sif Muna's Catalogue of Attacks
 18746 | Lair:6   | XOM: noise
 18775 | Lair:6   | XOM: confusion (+ monsters)
 18785 | Lair:6   | HP: 2/144 [seven-headed hydra (11)]
 18786 | Lair:6   | Mangled by a seven-headed hydra

Illustrated notes

Levels and vault maps discovered:
D:1:      heliophobic_arrival_enchanted_forest, layout_loops_ring,
          minmay_split_cup_large
D:2:      layout_rooms, serial_shops, nicolae_shop_statue_plus,
          shapermc_ecumenical_altar_mp_highgroup, uniq_natasha
D:3:      layout_loops_ring
D:4:      layout_gridville, minitemple, minmay_hollow_rounded_squares
D:5:      layout_cave_pools, nicolae_overflow_hidden_temple, minmay_misc_feat_x,
          grunt_tough_drop
D:6:      layout_loops_cross, minmay_temple_entry_hall
D:7:      layout_cave_pools
D:8:      layout_basic, mainiacjoe_overflow_small_starburst, uniq_psyche,
          uniq_pikel, uniq_maggie
D:9:      layout_rooms, serial_shops, shop, uniq_prince_ribbit1, uniq_harold
D:10:     layout_roguey, lemuel_round_altar, chequers_serial_rivers_room_a
D:11:     layout_roguey, lair_entry_dummy, orc_0_dummy,
          minmay_misc_feat_nine_boxes
D:12:     layout_layer_cave, disabler_island
D:13:     layout_basic, erik_vaults_1
Temple:   compressed_dpeg_circular_temple
Lair:1:   layout_cave_pods
Lair:2:   layout_misc_corridors, swamp_mist_pool
Lair:3:   layout_long_grid, nicolae_spider_entry_non_spiders,
          minmay_shattered_shrine
Lair:4:   layout_loops_ring, grunt_forest_small_clearing_treed,
          grunt_megastairs_1
Lair:5:   layout_concentric_octagons, minivault_23, bobbens_ice_dragon_lair,
          lemuel_fruit_fields, grunt_megastairs_2
Lair:6:   evil_forest, layout_gridlike, minmay_slime_entry_pillars,
          gammafunk_ghost_necromancy, grunt_forest_large_clearings
Spider:1: layout_chambers, nzn_ghost_randoct, uniq_nikola
Orc:1:    layout_caves, basic_altar, portal_ice_cave_entry_animals_and_master,
          lightli_orcish_oven, uniq_nergalle
Orc:2:    grunt_orc_tribal_feast, layout_caves, serial_shops, shop_statue,
          led_sif_book, uniq_nessos

Skill      XL: |  1  2  3  4  5  6  7  8  9 10 11 12 13 14 |
---------------+-------------------------------------------+-----
Unarmed Combat | 4 5 6 8 10 11 12 13 14 16 | 16.6
Fighting       | 3 4 5 6 7 8 9 10 | 10.6
Dodging        | 3 4 5 6 |  6.1
Armour         | 2 3 4 5 |  5.6
Shields        | 3 6 8 9 10 | 10.1

Action                   |  1- 3 |  4- 6 |  7- 9 | 10-12 | 13-15 || total
-------------------------+-------+-------+-------+-------+-------++-------
Melee: Unarmed           |   107 |   132 |   217 |   409 |   741 ||  1606
       Punch             |       |     5 |    10 |    19 |       ||    34
       Kick              |       |       |     3 |   153 |   233 ||   389
       Hand axe          |       |       |       |    31 |    62 ||    93
Evoke: Wand              |       |       |       |       |     3 ||     3
  Use: Scroll            |       |       |    13 |    13 |     6 ||    32
       Potion            |       |       |       |     5 |     6 ||    11
 Stab: Sleeping          |     1 |     1 |       |     1 |       ||     3
       Petrified         |       |       |       |     4 |       ||     4
       Paralysed         |       |       |       |     1 |     2 ||     3
       Distracted        |       |       |       |     1 |       ||     1
       Petrifying        |       |       |       |     1 |       ||     1
       Confused          |       |       |       |       |     4 ||     4
Armor: Robe              |    48 |    48 |       |       |       ||    96
       Steam dragon scal |       |       |    72 |     4 |       ||    76
       Acid dragon scale |       |       |       |   170 |    91 ||   261
       Ice dragon scales |       |       |       |       |   106 ||   106
Dodge: Dodged            |    51 |    70 |   115 |   198 |   216 ||   650
       Repelled          |       |     1 |     1 |     3 |     6 ||    11
Block: Kite shield       |       |       |       |    90 |   619 ||   709

Table legend: (Time is in decaauts)
 A = Elapsed time spent in this place.
 B = Non-inter-level travel time spent in this place.
 C = Inter-level travel time spent in this place.
 D = Time resting spent in this place.
 E = Time spent auto-exploring this place.
 F = Levels seen in this place.
 G = Mean time per level.
                   A        B        C        D        E       F      G
               +--------+--------+--------+--------+--------+-----+--------+
         Total |  18444 |  17348 |   1096 |    954 |  11747 |  24 |  768.5 |
       Dungeon |  10554 |   9874 |    680 |    245 |   7344 |  13 |  811.8 |
        Temple |     89 |     81 |      8 |      0 |     74 |   1 |   89.0 |
          Lair |   4461 |   4129 |    332 |     87 |   3203 |   6 |  743.5 |
   Spider Nest |      1 |      1 |      0 |      0 |      0 |   1 |    1.0 |
  Orcish Mines |   3006 |   2930 |     76 |    622 |   1090 |   2 | 1503.0 |
      Ice Cave |    331 |    331 |      0 |      0 |     35 |   1 |  331.0 |
               +--------+--------+--------+--------+--------+-----+--------+

Top non-repeatable levels by time:
   Orc:2: 1560 daAuts
   Orc:1: 1445 daAuts
     D:8: 1245 daAuts
  Lair:3: 1148 daAuts
    D:13: 1122 daAuts
    D:12: 1059 daAuts
     D:4: 1034 daAuts
  Lair:5: 984 daAuts
  Lair:1: 870 daAuts
    D:11: 847 daAuts
     D:5: 824 daAuts
  Lair:4: 791 daAuts
     D:6: 781 daAuts
    D:10: 753 daAuts
     D:1: 732 daAuts
